 Dungeon Crawl Stone Soup version 0.31.0-12-g77e489cdc1 (webtiles) character file.

Game seed: 7808481580062652406

1533 hawla the Nimble (level 8, -3/111 HPs)
             Began as a Minotaur Fighter on Feb 19, 2024.
             Was an Initiate of Yredelemnul.
             Killed from afar by Joseph (22 damage)
             ... with a bolt of light
             ... on level 7 of the Dungeon.
             The game lasted 00:10:00 (5109 turns).

hawla the Nimble (Minotaur Fighter)                 Turns: 5109, Time: 00:10:01

Health: -3/111     AC: 24    Str: 21    XL:     8   Next: 55%
Magic:  7/7        EV:  2    Int:  5    God:    Yredelemnul [......]
Gold:   397        SH: 15    Dex: 12    Spells: 7/7 levels left

rFire   . . .        e - +3 demon blade (venom)
rCold   . . .        l - +2 tower shield
rNeg    . . .        v - melded +0 plate armour
rPois   +            (helmet currently unavailable)
rElec   .            q - melded +0 cloak
rCorr   .            g - melded +0 pair of gloves
SInv    .            (boots currently unavailable)
Will    +....        (no amulet)
Stlth   +            t - ring of willpower
HPRegen 0.38/turn    (no ring)
MPRegen 0.10/turn

%: no passive effects
@: mighty, tree-form, studying Dodging
A: stationary, stasis, torment immunity, boosted hp, (horns 2), (retaliatory
headbutt), high MP 1, mutation resistance 1
a: Renounce Religion, Recall Undead Harvest


You were on level 7 of the Dungeon.
You worshipped Yredelemnul.
Yredelemnul was noncommittal.
You were a tree.
You visited 2 branches of the dungeon, and saw 8 of its levels.

You collected 397 gold pieces.

Inventory:

Hand Weapons
 a - a +0 long sword
 e - a +3 demon blade of venom (weapon)
Missiles
 c - 13 poisoned darts
Armour
 g - a +0 pair of gloves (melded)
 l - a +2 tower shield (worn)
 q - a +0 cloak (melded)
 v - a +0 plate armour (melded)
Jewellery
 t - a ring of willpower (left branch)
 u - a ring of resist corrosion
Wands
 b - a wand of roots (7)
 p - a wand of digging (6)
 s - a wand of flame (20) (quivered)
Scrolls
 h - a scroll of butterflies
 m - a scroll of blinking
 o - 2 scrolls of revelation
 w - a scroll of amnesia {unknown}
 x - a scroll of identify
Potions
 d - a potion of might
 f - a potion of lignification
 i - 2 potions of attraction
 j - a potion of enlightenment
 k - 2 potions of haste
 n - a potion of mutation
 r - a potion of ambrosia


   Skills:
 + Level 7.6 Fighting
 - Level 2.4 Long Blades
 - Level 3.6 Armour
 - Level 8.0 Dodging
 - Level 5.0 Shields
 - Level 4.0 Evocations


You had 7 spell levels left.
You didn't know any spells.
Your spell library was empty.

Dungeon Overview and Level Annotations

Branches:
Dungeon (7/15)             Temple (1/1) D:5

Altars:
Ashenzari
Cheibriados
Elyvilon
Fedhas
Gozag
Hepliaklqana
Kikubaaqudgha
Nemelex Xobeh
Okawaru
Qazlal
Ru
Sif Muna
Trog
Vehumet
Yredelemnul
Zin

Shops:
D:5 (

Annotations:
D:5 2 transporters, TheBioAlchemist's ghost, amateur TeHu
D:7 Joseph


Innate Abilities, Weirdness & Mutations

You are a tree.
Your roots penetrate the ground, keeping you stationary.
You cannot be teleported.
You are immune to unholy pain and torment.
Your maximum health is greatly increased.
Your equipment is partially melded.
((You have a pair of horns on your head.))
((You reflexively headbutt those who attack you in melee.))
You have an increased reservoir of magic. (+10% MP)
You are somewhat resistant to further mutation.


Message History

The grasping roots constrict Joseph.
Joseph zaps a wand.
The bolt of light hits you but does no damage.
You are confused.
The grasping roots constrict Joseph!
Joseph shoots a sling bullet.
The sling bullet hits you!
You hear a distant slurping noise.
You hear the slow hiss of an avalanche of sand.
The grasping roots constrict Joseph.
The roots release their grip on Joseph.
Joseph shoots a sling bullet.
The sling bullet barely misses you.
You hear a distant slurping noise.
You turn into a tree.
Your +0 cloak melds into your body.
Your +0 pair of gloves melds into your body.
Your +0 plate armour melds into your body.
Your roots penetrate the ground.
You feel less confused.
You feel very mighty all of a sudden.
Joseph unwields a +0 sling.
Joseph wields a +0 quarterstaff.
You block Joseph's attack.
You barely miss Joseph.
Joseph is heavily wounded.
Joseph hits you with a +0 quarterstaff.
Joseph zaps a wand.
The bolt of light hits you but does no damage.
You slash Joseph!
Joseph is severely wounded.
Joseph zaps a wand.
The bolt of light hits you!
* * * LOW HITPOINT WARNING * * *
You hit Joseph.
Joseph is almost dead.
You block Joseph's attack. x2
You closely miss Joseph.
Joseph is almost dead.
Joseph shouts, "At last, some action!"
Joseph hits you but does no damage.
You completely miss Joseph.
Joseph is almost dead.
Joseph hits you with a +0 quarterstaff.
* * * LOW HITPOINT WARNING * * *
Joseph zaps a wand.
The bolt of light hits you!!
You die...
Your body rises from the dead as a mindless zombie.

# *,*,* #.#..#***************
####+#+######.#..# *,,,,,,,,,*
##.........##....######.*******,*
##....(....++...........*,,,,,,,*
.#.........#*...........*,*******
.#.........+,,..........*,*******
...........####.........*,,,,,,,*
.................@......*******,*
....#...######..♣.......,,,,,,,,,
....#...................,,*****,*
.##.#....####..#####....,,,*,,*,*
.##.#........###,∩,**#..,,,*,,*,*
.##+#........*^^,,^,,*,.,,,*,,*,*
..,,.........*8,8,8,8*,,,,,*,,*,*
........#....*,^^,,^^*,,,,,*,,*,*
,,,,,,,,*,,,,*8,8,8^8*,,,,,*,,*,*
,,,,,,,,*,,,,*,,,,,,,*,,,,,*,,*,*


You could see Joseph.

Vanquished Creatures
  A sky beast (D:4)
  A black bear (D:6)
  An ogre (D:5)
  A centaur (D:6)
  2 phantoms
  A kobold brigand (D:6)
  A scorpion (D:6)
  3 wights (D:5)
  5 hounds
  A jelly (D:4)
  Crazy Yiuf (D:3)
  2 bombardier beetles
  An orc priest (D:6)
  A sleepcap (D:5)
  4 iguanas
  4 orc wizards
  4 gnolls (D:2)
  7 adders
  A white imp (D:6)
  A dart slug (D:5)
  A ribbon worm (D:3)
  14 orcs
  6 bats
  6 endoplasms
  5 giant cockroaches
  7 goblins
  3 hobgoblins
  7 jackals
  5 quokkas
  5 ball pythons
  4 frilled lizards
  12 kobolds
  5 rats
123 creatures vanquished.

Vanquished Creatures (collateral kills)
  A wight (D:5)
1 creature vanquished.

Vanquished Creatures (others)
  A hound zombie (D:5)
  2 iguana zombies (D:5)
  A spectral white imp (D:6)
  A dart slug zombie (D:5)
  A jackal zombie (D:5)
  2 kobold zombies (D:6)
  An orc zombie (D:6)
9 creatures vanquished.

Grand Total: 133 creatures vanquished

Notes
Turn   | Place    | Note
-------+----------+-------------------------------------------
     0 | D:1      | hawla the Minotaur Fighter began the quest for the Orb.
     0 | D:1      | Reached XP level 1. HP: 19/19 MP: 0/0
    79 | D:1      | Reached XP level 2. HP: 26/26 MP: 1/1
   746 | D:2      | Identified a scroll of acquirement
   746 | D:2      | Acquired a +3 demon blade of venom
   776 | D:2      | Reached skill level 5 in Shields
   900 | D:2      | Reached XP level 3. HP: 31/31 MP: 2/2
   984 | D:2      | Reached skill level 1 in Dodging
  1002 | D:2      | Reached skill level 2 in Dodging
  1009 | D:2      | Reached XP level 4. HP: 12/39 MP: 3/3
  1469 | D:3      | Reached skill level 3 in Dodging
  1473 | D:3      | Found a sparkling altar of Nemelex Xobeh.
  1575 | D:3      | Found an opulent altar of Gozag.
  1720 | D:3      | Found a runed translucent door.
  1721 | D:3      | Noticed Crazy Yiuf
  1985 | D:3      | Reached skill level 4 in Dodging
  2075 | D:3      | Killed Crazy Yiuf
  2076 | D:3      | Reached XP level 5. HP: 8/45 MP: 1/4
  2350 | D:4      | Gained mutation: You have an increased reservoir of magic.
                  | (+10% MP) [potion of mutation]
  2350 | D:4      | Gained mutation: You are somewhat resistant to further
                  | mutation. [potion of mutation]
  2497 | D:4      | Noticed a phantom
  2506 | D:4      | Killed a phantom
  2507 | D:4      | Reached skill level 5 in Dodging
  2702 | D:4      | Noticed a sky beast
  2707 | D:4      | Killed a sky beast
  2708 | D:4      | Reached skill level 6 in Dodging
  2708 | D:4      | Reached XP level 6. HP: 51/51 MP: 5/5
  2990 | D:5      | Entered Level 5 of the Dungeon
  3118 | D:5      | Found an ancient bone altar of Kikubaaqudgha.
  3174 | D:5      | Found a transporter.
  3180 | D:5      | Found a transporter.
  3180 | D:5      | Noticed TheBioAlchemist's ghost (amateur TeHu)
  3194 | D:5      | Found a stormy altar of Qazlal.
  3216 | D:5      | Found a staircase to the Ecumenical Temple.
  3283 | D:5      | Found Iryzy's Weapon Shop.
  3330 | Temple   | Entered the Ecumenical Temple
  3345 | Temple   | Became a worshipper of Yredelemnul the Dark
  3414 | D:5      | Found a broken altar of Ashenzari.
  3447 | D:5      | Found a hazy altar of Hepliaklqana.
  3462 | D:5      | Reached skill level 7 in Dodging
  3462 | D:5      | Reached XP level 7. HP: 42/57 MP: 6/6
  3571 | D:5      | Reached skill level 8 in Dodging
  3587 | D:5      | Found a white marble altar of Elyvilon.
  3597 | D:5      | Reached skill level 1 in Evocations
  3684 | D:5      | Reached * piety under Yredelemnul
  3923 | D:5      | Reached XP level 8. HP: 34/66 MP: 7/7
  4143 | D:5      | Acquired a manual of Dodging
  4510 | D:6      | Found an iron altar of Okawaru.
  4527 | D:6      | Reached skill level 5 in Fighting
  5094 | D:7      | Noticed Joseph
  5109 | D:7      | Killed from afar by Joseph

Illustrated notes

Levels and vault maps discovered:
D:1:      eino_arrival_cavern_e, layout_loops_ring, nicolae_hexahallways
D:2:      layout_loops_ring, serial_forest, infiniplex_forest_lined_2,
          infiniplex_forest_lined_corner, infiniplex_forest_lined_1,
          infiniplex_forest_clump_double, hangedman_decor_push
D:3:      layout_rooms, nicolae_gozag_seed_capital,
          mainiacjoe_overflow_small_starburst, minmay_randomly_rotated_circles,
          uniq_crazy_yiuf_cottage
D:4:      layout_basic, minmay_misc_feat_plants, minmay_unequal
D:5:      minmay_chambers_of_fours, layout_basic, lemuel_coloured_pillars_altar,
          ashenzari_conservatory_becter, nicolae_qazlal_eye_of_the_storm,
          lemuel_tele_altar, mainiacjoe_overflow_catwalk,
          minmay_temple_entry_nine_rooms, serial_shops,
          nicolae_shop_bloodbath_and_beyond, gammafunk_ghost_hive, st_stairs_4
D:6:      layout_cave_pools, mainiacjoe_overflow_brackets, serial_column_ruins,
          column_ruins_open_small, column_ruins_grid_3,
          column_ruins_columns_straight, column_ruins_columns_straight
D:7:      layout_basic, chequers_temple_overflow_statue_of_worship,
          mainiacjoe_ossuary_entry_dusty_tomb, serial_glass, glass_columns_a,
          glass_columns_a, glass_columns_a, glass_columns_a, glass_columns_a,
          glass_columns_a, glass_columns_a, glass_columns_c, glass_columns_b,
          glass_columns_a, minmay_strange_pillars, minmay_strange_pillars,
          minmay_strange_pillars, uniq_joseph, uniq_jeremiah
Temple:   nicolae_temple_godpark

Skill      XL: |  1  2  3  4  5  6  7  8 |
---------------+-------------------------+-----
Shields        | 4 5 |  5.0
Dodging        | 2 4 6 7 8 |  8.0
Evocations     | 4 |  4.0
Fighting       | 4 7 |  7.6
Long Blades    | |  2.4
Armour         | |  3.6

Action                     |  1- 3 |  4- 6 |  7- 9 || total
---------------------------+-------+-------+-------++-------
  Melee: Long sword        |    54 |       |       ||    54
         Headbutt          |    12 |    15 |    23 ||    50
         Demon blade       |    26 |    94 |   113 ||   233
  Evoke: Wand              |       |       |     5 ||     5
    Use: Scroll            |     3 |    11 |     2 ||    16
         Potion            |       |     2 |     4 ||     6
 Armour: Scale mail        |    60 |    43 |       ||   103
         Skin              |       |     1 |     6 ||     7
         Plate armour      |       |    31 |    71 ||   102
  Dodge: Dodged            |    42 |    57 |    29 ||   128
  Block: Buckler           |    23 |    41 |    10 ||    74
         Tower shield      |       |       |    69 ||    69
